TOP OF THE 1ST |
Madison Bombers batting - Pitching for Greenville 84s : RHP Hiroshige Yamada
|
Pitching: RHP Hiroshige Yamada
|
|
Batting: RHB Vicente Aguirre
|
0-0: Ball 1-0: SINGLE (Groundball, 4MD)
|
Batting: LHB George Smith
|
0-0: Called Strike 0-1: Foul Ball, location: 2F 0-2: Foul Ball, location: 2F 0-2: Ball 1-2: Ball 2-2: Foul Ball, location: 2F 2-2: Strikes out swinging
|
Batting: RHB Sergio Márquez
|
0-0: Called Strike 0-1: Ball 1-1: Grounds into double play, 6-4-3 (Groundball, 6)
|
Top of the 1st over - 0 run(s), 1 hit(s), 0 error(s), 0 left on base; Madison 0 - Greenville 0 |
BOTTOM OF THE 1ST |
Greenville 84s batting - Pitching for Madison Bombers : RHP Clint John
|
Pitching: RHP Clint John
|
|
Batting: RHB Carlos Torres
|
0-0: Ground out 4-3 (Groundball, 4)
|
Batting: LHB Chris Moore
|
0-0: Ball 1-0: Fly out, F7 (Line Drive, 7LM)
|
Batting: RHB Enzo Díaz
|
0-0: Swinging Strike 0-1: Ball 1-1: SINGLE (Groundball, 6MD)
|
Batting: LHB Brock Larsen
|
0-0: Ball 1-0: Swinging Strike 1-1: Ball 2-1: Ball 3-1: Base on Balls Enzo Díaz to second
|
Batting: LHB Paco Rosas
|
0-0: Foul Ball, location: 2F 0-1: Ground out 4-3 (Groundball, 4S)
|
Bottom of the 1st over - 0 run(s), 1 hit(s), 0 error(s), 2 left on base; Madison 0 - Greenville 0 |
TOP OF THE 2ND |
Madison Bombers batting - Pitching for Greenville 84s : RHP Hiroshige Yamada
|
Batting: LHB Mike Callahan
|
0-0: Foul Ball, location: 2F 0-1: Ball 1-1: Ball 2-1: Foul Ball, location: 2F 2-2: Strikes out swinging, 2-3 out at first.
|
Batting: SHB Ricardo Arévalo
|
0-0: Called Strike 0-1: Ball 1-1: Foul Ball, location: 2F 1-2: Ball 2-2: Ball 3-2: Foul Ball, location: 2F 3-2: Ground out 5-3 (Groundball, 5L)
|
Batting: RHB Juan Costello
|
0-0: Called Strike 0-1: Called Strike 0-2: Foul Ball, location: 2F 0-2: Strikes out swinging
|
Top of the 2nd over - 0 run(s), 0 hit(s), 0 error(s), 0 left on base; Madison 0 - Greenville 0 |
BOTTOM OF THE 2ND |
Greenville 84s batting - Pitching for Madison Bombers : RHP Clint John
|
Batting: RHB Owen Carter
|
0-0: Called Strike 0-1: Foul Ball, location: 2F 0-2: Strikes out looking
|
Batting: LHB José Costa
|
0-0: Foul Ball, location: 2F 0-1: Ball 1-1: Ball 2-1: Called Strike 2-2: Foul Ball, location: 2F 2-2: Foul Ball, location: 2F 2-2: Strikes out looking
|
Batting: RHB Robert Buckley
|
0-0: Called Strike 0-1: Ground out 5-3 (Groundball, 5)
|
Bottom of the 2nd over - 0 run(s), 0 hit(s), 0 error(s), 0 left on base; Madison 0 - Greenville 0 |
TOP OF THE 3RD |
Madison Bombers batting - Pitching for Greenville 84s : RHP Hiroshige Yamada
|
Batting: RHB Will Brown
|
0-0: Ball 1-0: Called Strike 1-1: Swinging Strike 1-2: Ball 2-2: Strikes out swinging
|
Batting: RHB Javier Deleón
|
0-0: Ball 1-0: Ball 2-0: Foul Ball, location: 2F 2-1: Ball 3-1: Base on Balls
|
Batting: SHB Martín Medina
|
0-0: Fly out, F7 (Flyball, 7S)
|
Batting: RHB Vicente Aguirre
|
0-0: SINGLE (Groundball, 34D) Javier Deleón to second Runner from 2nd tries for 3rd, SAFE, no throw
|
Batting: LHB George Smith
|
0-0: Ball 1-0: Ball 2-0: SINGLE (Groundball, 34D) Javier Deleón scores Vicente Aguirre to second Runner from 2nd tries for 3rd, SAFE, throw made to third
|
Batting: RHB Sergio Márquez
|
0-0: Called Strike 0-1: Swinging Strike 0-2: Ball 1-2: Foul Ball, location: 2F 1-2: Ball 2-2: Ball 3-2: Base on Balls George Smith to second
|
Batting: LHB Mike Callahan
|
0-0: Ball 1-0: Called Strike 1-1: Foul Ball, location: 2F 1-2: Strikes out swinging
|
Top of the 3rd over - 1 run(s), 2 hit(s), 0 error(s), 3 left on base; Madison 1 - Greenville 0 |
BOTTOM OF THE 3RD |
Greenville 84s batting - Pitching for Madison Bombers : RHP Clint John
|
Batting: LHB Mario Cornelo
|
0-0: Fly out, F7 (Flyball, 7S)
|
Batting: RHB Carlos Torres
|
0-0: Ball 1-0: Ball 2-0: Called Strike 2-1: Ball 3-1: Base on Balls
|
Batting: LHB Chris Moore
|
0-0: Called Strike Carlos Torres steals 2nd base 0-1: Swinging Strike 0-2: SINGLE (Groundball, 6D) Carlos Torres to third Runner from 3rd tries for Home, throw and OUT!
|
Batting: RHB Enzo Díaz
|
0-0: Ball 1-0: SINGLE (Flyball, 89S) Chris Moore to second Runner from 2nd tries for 3rd, OUT!
|
Bottom of the 3rd over - 0 run(s), 2 hit(s), 0 error(s), 1 left on base; Madison 1 - Greenville 0 |
TOP OF THE 4TH |
Madison Bombers batting - Pitching for Greenville 84s : RHP Hiroshige Yamada
|
Batting: SHB Ricardo Arévalo
|
0-0: Ball 1-0: Ball 2-0: Ball 3-0: Base on Balls
|
Batting: RHB Juan Costello
|
0-0: Foul Ball, location: 2F 0-1: Called Strike 0-2: Ball 1-2: Strikes out looking
|
Batting: RHB Will Brown
|
0-0: Ball 1-0: Called Strike 1-1: Foul Ball, location: 2F 1-2: Ball Wild Pitch! Ricardo Arévalo to second 2-2: Strikes out swinging
|
Batting: RHB Javier Deleón
|
0-0: Ball 1-0: Foul Ball, location: 2F 1-1: Ball 2-1: Foul Ball, location: 2F 2-2: Foul Ball, location: 2F 2-2: Foul Ball, location: 2F 2-2: Strikes out swinging
|
Top of the 4th over - 0 run(s), 0 hit(s), 0 error(s), 1 left on base; Madison 1 - Greenville 0 |
BOTTOM OF THE 4TH |
Greenville 84s batting - Pitching for Madison Bombers : RHP Clint John
|
Batting: LHB Brock Larsen
|
0-0: Foul Ball, location: 2F 0-1: Called Strike 0-2: SINGLE (Groundball, 3D)
|
Batting: LHB Paco Rosas
|
0-0: Ball 1-0: Foul Ball, location: 2F 1-1: TRIPLE (Line Drive, 9LS) Brock Larsen scores
|
Batting: RHB Owen Carter
|
0-0: Fly out, F9 (Flyball, 9S)
|
Batting: LHB José Costa
|
0-0: Ball 1-0: TRIPLE (Flyball, 9LD) Paco Rosas scores
|
Batting: RHB Robert Buckley
|
0-0: DOUBLE (Line Drive, 7LD) José Costa scores
|
Batting: LHB Mario Cornelo
|
0-0: Ball 1-0: Called Strike 1-1: Called Strike 1-2: Strikes out swinging
|
Batting: RHB Carlos Torres
|
0-0: Ball 1-0: Ground out 4-3 (Groundball, 4MS)
|
Bottom of the 4th over - 3 run(s), 4 hit(s), 0 error(s), 1 left on base; Madison 1 - Greenville 3 |
TOP OF THE 5TH |
Madison Bombers batting - Pitching for Greenville 84s : RHP Hiroshige Yamada
|
Batting: SHB Martín Medina
|
0-0: Swinging Strike 0-1: Swinging Strike 0-2: Foul Ball, location: 2F 0-2: Strikes out swinging
|
Batting: RHB Vicente Aguirre
|
0-0: Called Strike 0-1: DOUBLE (Flyball, 7LD) - OUT at third base trying to stretch hit.
|
Batting: LHB George Smith
|
0-0: Called Strike 0-1: Ball 1-1: Swinging Strike 1-2: Strikes out swinging
|
Top of the 5th over - 0 run(s), 1 hit(s), 0 error(s), 0 left on base; Madison 1 - Greenville 3 |
BOTTOM OF THE 5TH |
Greenville 84s batting - Pitching for Madison Bombers : RHP Clint John
|
Batting: LHB Chris Moore
|
0-0: Called Strike 0-1: Ground out 3-1 (Groundball, 34)
|
Batting: RHB Enzo Díaz
|
0-0: Swinging Strike 0-1: Ball 1-1: Swinging Strike 1-2: Ground out 6-3 (Groundball, 6)
|
Batting: LHB Brock Larsen
|
0-0: Foul Ball, location: 2F 0-1: Ball 1-1: Ball 2-1: DOUBLE (Line Drive, 78D)
|
Batting: LHB Paco Rosas
|
0-0: SINGLE (Flyball, 8LS) Brock Larsen to third Runner from 3rd tries for Home, SAFE, no throw
|
Batting: RHB Owen Carter
|
0-0: Ball 1-0: Swinging Strike 1-1: Foul Ball, location: 2F 1-2: Ball Paco Rosas steals 2nd base 2-2: Fly out, F8 (Flyball, 8RM)
|
Bottom of the 5th over - 1 run(s), 2 hit(s), 0 error(s), 1 left on base; Madison 1 - Greenville 4 |
TOP OF THE 6TH |
Madison Bombers batting - Pitching for Greenville 84s : RHP Hiroshige Yamada
|
Batting: RHB Sergio Márquez
|
0-0: Ground out 1-3 (Groundball, 15S)
|
Batting: LHB Mike Callahan
|
0-0: Foul Ball, location: 2F 0-1: Ball 1-1: Ball 2-1: Foul Ball, location: 2F 2-2: SOLO HOME RUN (Flyball, 89XD), Distance : 379 ft
|
Batting: SHB Ricardo Arévalo
|
0-0: Called Strike 0-1: Ball 1-1: Ball 2-1: Ball 3-1: Ground out 6-3 (Groundball, 56)
|
Batting: RHB Juan Costello
|
0-0: Swinging Strike 0-1: Ball 1-1: Called Strike 1-2: Strikes out looking
|
Top of the 6th over - 1 run(s), 1 hit(s), 0 error(s), 0 left on base; Madison 2 - Greenville 4 |
BOTTOM OF THE 6TH |
Greenville 84s batting - Pitching for Madison Bombers : RHP Clint John
|
Batting: LHB José Costa
|
0-0: Fly out, F5 (Popup, 5S)
|
Batting: RHB Robert Buckley
|
0-0: SINGLE (Groundball, 4D)
|
Batting: LHB Mario Cornelo
|
0-0: Fielders Choice at 2nd, 4-6 (Groundball, 4)
|
Batting: RHB Carlos Torres
|
0-0: Ball 1-0: Called Strike 1-1: Foul Ball, location: 2F 1-2: TRIPLE (Line Drive, 89XD) Mario Cornelo scores
|
Batting: LHB Chris Moore
|
0-0: Foul Ball, location: 2F 0-1: Swinging Strike 0-2: Ball 1-2: Ball 2-2: Ground out 4-3 (Groundball, 4)
|
Bottom of the 6th over - 1 run(s), 2 hit(s), 0 error(s), 1 left on base; Madison 2 - Greenville 5 |
TOP OF THE 7TH |
Madison Bombers batting - Pitching for Greenville 84s : RHP Hiroshige Yamada
|
Batting: RHB Will Brown
|
0-0: Ball 1-0: Swinging Strike 1-1: Called Strike 1-2: Fly out, F7 (Flyball, 7D)
|
Pitching: RHP Robinson Gonzáles
|
|
Batting: RHB Javier Deleón
|
0-0: Swinging Strike 0-1: Called Strike 0-2: Ball 1-2: Strikes out swinging
|
Batting: SHB Martín Medina
|
0-0: Called Strike 0-1: Ball 1-1: Called Strike 1-2: Strikes out swinging
|
Top of the 7th over - 0 run(s), 0 hit(s), 0 error(s), 0 left on base; Madison 2 - Greenville 5 |
BOTTOM OF THE 7TH |
Greenville 84s batting - Pitching for Madison Bombers : RHP Clint John
|
Batting: RHB Enzo Díaz
|
0-0: SINGLE (Groundball, 6MD) (infield hit)
|
Batting: LHB Brock Larsen
|
0-0: Ball 1-0: Called Strike 1-1: Ball 2-1: Called Strike 2-2: Foul Ball, location: 2F 2-2: Ball Enzo Díaz steals 2nd base 3-2: Base on Balls
|
Batting: LHB Paco Rosas
|
0-0: Swinging Strike 0-1: SINGLE (Line Drive, 56) Enzo Díaz to third Brock Larsen to second Runner from 3rd tries for Home, SAFE, no throw
|
Pitching: RHP António Juárez
|
|
Batting: RHB Owen Carter
|
0-0: Ball 1-0: Called Strike 1-1: Foul Ball, location: 2F 1-2: Foul Ball, location: 2F 1-2: Foul Ball, location: 2F 1-2: Strikes out looking
|
Batting: LHB José Costa
|
0-0: Ball 1-0: Ball 2-0: Ball 3-0: 3-RUN HOME RUN (Flyball, 7D), Distance : 371 ft
|
Batting: RHB Robert Buckley
|
0-0: Called Strike 0-1: Called Strike 0-2: Ball 1-2: Ground out 4-3 (Groundball, 4MS)
|
Batting: LHB Mario Cornelo
|
0-0: SINGLE (Groundball, 6D)
|
Batting: RHB Carlos Torres
|
0-0: Ball Mario Cornelo steals 2nd base 1-0: Fly out, F8 (Flyball, 8RS)
|
Bottom of the 7th over - 4 run(s), 4 hit(s), 0 error(s), 1 left on base; Madison 2 - Greenville 9 |
TOP OF THE 8TH |
Madison Bombers batting - Pitching for Greenville 84s : RHP Robinson Gonzáles
|
Batting: RHB Vicente Aguirre
|
0-0: Ball 1-0: Foul Ball, location: 2F 1-1: Ball 2-1: Called Strike 2-2: Strikes out swinging
|
Batting: LHB George Smith
|
0-0: Foul Ball, location: 2F 0-1: Ball 1-1: Ball 2-1: DOUBLE (Flyball, 8RXD)
|
Batting: RHB Sergio Márquez
|
0-0: Called Strike 0-1: Ball 1-1: Ball 2-1: Called Strike 2-2: Ball 3-2: Foul Ball, location: 2F 3-2: DOUBLE (Line Drive, 7D) George Smith scores
|
Batting: LHB Mike Callahan
|
0-0: Called Strike 0-1: Called Strike 0-2: Ball 1-2: Strikes out swinging
|
Batting: SHB Ricardo Arévalo
|
0-0: Called Strike 0-1: Called Strike 0-2: Ball 1-2: Fly out, F6 (Popup, 6)
|
Top of the 8th over - 1 run(s), 2 hit(s), 0 error(s), 1 left on base; Madison 3 - Greenville 9 |
BOTTOM OF THE 8TH |
Greenville 84s batting - Pitching for Madison Bombers : RHP António Juárez
|
Batting: LHB Chris Moore
|
0-0: Called Strike 0-1: Ball 1-1: Foul Ball, location: 2F 1-2: SINGLE (Groundball, 34D)
|
Batting: RHB Enzo Díaz
|
0-0: Called Strike 0-1: Called Strike 0-2: Foul Ball, location: 2F 0-2: Ball 1-2: Ball 2-2: Ball 3-2: Reached on error, E6 (Groundball, 56) Chris Moore to second
|
Batting: LHB Brock Larsen
|
0-0: Ball 1-0: Foul Ball, location: 2F 1-1: Ball 2-1: SINGLE (Line Drive, 8LS) Chris Moore to third Enzo Díaz to second
|
Batting: LHB Paco Rosas
|
0-0: Called Strike 0-1: Foul Ball, location: 2F 0-2: Foul Ball, location: 2F 0-2: Ball 1-2: Foul Ball, location: 2F 1-2: Ball 2-2: GRAND SLAM HOME RUN (Flyball, 89XD), Distance : 389 ft
|
Pitching: RHP Cipriano Montáñez
|
|
Batting: RHB Owen Carter
|
0-0: Foul Ball, location: 2F 0-1: Ball 1-1: Called Strike 1-2: Ball 2-2: Ball 3-2: Fly out, F4 (Line Drive, 4)
|
Batting: LHB José Costa
|
0-0: Ball 1-0: Ball 2-0: Ball 3-0: SINGLE (Groundball, 34D)
|
Batting: RHB Robert Buckley
|
0-0: Called Strike 0-1: Called Strike José Costa steals 2nd base 0-2: Ball 1-2: SINGLE (Line Drive, 78M) José Costa to third
|
Batting: LHB Mario Cornelo
|
0-0: Ball 1-0: Called Strike 1-1: Ball 2-1: Ball 3-1: Fly out, F7 (Flyball, 7LSF) Runner from 3rd tags up, SCORES, no throw
|
Batting: RHB Carlos Torres
|
Pickoff Throw to First - Out!
|
Bottom of the 8th over - 5 run(s), 5 hit(s), 1 error(s), 0 left on base; Madison 3 - Greenville 14 |
TOP OF THE 9TH |
Madison Bombers batting - Pitching for Greenville 84s : RHP Robinson Gonzáles
|
Batting: RHB Juan Costello
|
0-0: Ball 1-0: Called Strike 1-1: Ball 2-1: Swinging Strike 2-2: Strikes out looking
|
Batting: RHB Will Brown
|
0-0: Ball 1-0: Foul Ball, location: 2F 1-1: Ball 2-1: Swinging Strike 2-2: Ball 3-2: DOUBLE (Groundball, 5L)
|
Batting: RHB Javier Deleón
|
0-0: Ball 1-0: Fly out, F9 (Flyball, 9LM)
|
Batting: SHB Martín Medina
|
0-0: Swinging Strike 0-1: Swinging Strike 0-2: Foul Ball, location: 2F 0-2: Ball 1-2: Strikes out swinging
|
Top of the 9th over - 0 run(s), 1 hit(s), 0 error(s), 1 left on base; Madison 3 - Greenville 14 |
|